 Dungeon Crawl Stone Soup version 0.29.1 (webtiles) character file.

Game seed: 13678575653943202079

187 masschaos23 the Chopper (level 5, -2/47 HPs)
             Began as a Hill Orc Fighter on Sept 13, 2022.
             Slain by Crazy Yiuf
             ... wielding a +4 quarterstaff of chaos
              (16 damage)
             ... on level 3 of the Dungeon.
             The game lasted 00:06:04 (3178 turns).

masschaos23 the Chopper (Hill Orc Fighter)          Turns: 3178, Time: 00:06:05

Health: -2/47      AC: 12    Str: 21    XL:     5   Next: 66%
Magic:  2/5        EV: 12    Int:  8    God:
Gold:   176        SH:  4    Dex: 10    Spells: 4/4 levels left

rFire   . . .      SeeInvis .   a - +0 war axe
rCold   + . .      Faith    .   c - +0 buckler
rNeg    . . .      Spirit   .   l - +1 chain mail {rF+}
rPois   .          Reflect  .   n - +1 helmet
rElec   .          Harm     .   (no cloak)
rCorr   .          Rampage  .   (no gloves)
Will    .....                   (no boots)
Stlth   ..........              (no amulet)
HPRegen 0.15/turn               g - ring of flight
MPRegen 0.09/turn               p - ring "Xafom" {Ice Slay+2}

@: agile, flying
A: no striking features
a: no special abilities


You were on level 3 of the Dungeon.
You visited 1 branch of the dungeon, and saw 3 of its levels.

You collected 176 gold pieces.

Inventory:

Hand Weapons
 a - a +0 war axe (weapon)
 u - a +2 dagger of speed
 C - a +0 dagger of protection
Armour
 b - a +0 scale mail
 c - a +0 buckler (worn)
 l - a +1 chain mail of fire resistance (worn)
 n - a +1 helmet (worn)
 s - a +0 plate armour
Jewellery
 g - a ring of flight (left hand)
 p - the ring "Xafom" (right hand) {Ice Slay+2}
   (You found it on level 2 of the Dungeon)

   [ring of ice]

   It enhances your ice magic.
   Slay:      It affects your accuracy & damage with ranged weapons and melee
   (+2).
   rF:        It makes you vulnerable to fire.
   rC:        It protects you from cold.
 v - a ring of willpower
 w - an amulet of faith
 A - an amulet of guardian spirit
 B - a ring of protection from fire
Wands
 y - a wand of iceblast (5)
Scrolls
 j - 5 scrolls of identify {unknown}
 m - a scroll of magic mapping {unknown}
 q - a scroll of enchant armour {unknown}
 r - 2 scrolls of poison {unknown}
 t - a scroll of amnesia {unknown}
 x - a scroll of teleportation {unknown}
Potions
 d - 2 potions of might
 e - 2 potions of berserk rage {unknown}
 f - a potion of degeneration {unknown}
 h - a potion of resistance {unknown}
 i - a potion of haste {unknown}
 k - 4 potions of curing {unknown}
 o - a potion of ambrosia {unknown}
 z - a potion of heal wounds {unknown}
 D - a potion of brilliance {unknown}


   Skills:
 + Level 4.3 Fighting
 + Level 5.7 Axes
 + Level 4.1 Armour
 + Level 0.3 Dodging
 + Level 3.9 Shields


You had 4 spell levels left.
You didn't know any spells.
Your spell library contained the following spells:

 Spells                   Type           Power      Damage    Failure   Level
 Sting                    Tmut/Pois      0%         1d3       99%         1
 Poisonous Vapours        Pois/Air       0%         N/A       100%        2
 Confusing Touch          Hex            0%         N/A       100%        3
 Frozen Ramparts          Ice            0%         1d1       100%        3
 Ice Form                 Ice/Tmut       0%         N/A       100%        4
 Olgreb's Toxic Radiance  Pois           0%         N/A       100%        4
 Summon Ice Beast         Ice/Summ       0%         N/A       100%        4
 Yara's Violent Unravell  Hex/Tmut       0%         3d3       100%        5
 Enfeeble                 Hex            0%         N/A       100%        7


Dungeon Overview and Level Annotations

Branches:
Dungeon (3/15)

Altars:

Shops:
D:2 (

Annotations:
D:3 Crazy Yiuf


Message History

There is an open door here.
Things that are here:
a +0 dagger; a +0 robe; an orc corpse You see here a ball python skeleton.
Crazy Yiuf shouts!
Crazy Yiuf screams, "Buddy!"
You reach down and open the door.
Crazy Yiuf laughs, "Citrus!"
Crazy Yiuf cries, "Tonal tortoise seventy!"
Crazy Yiuf attacks as you move away! Crazy Yiuf barely misses you.
You hit Crazy Yiuf.
Crazy Yiuf is lightly wounded.
Crazy Yiuf says, "Crazy?
Crazy!?
PORCUPINE!"
Crazy Yiuf hits you with a +4 quarterstaff of chaos.
Crazy Yiuf freezes you.
You closely miss Crazy Yiuf.
Crazy Yiuf is lightly wounded.
Crazy Yiuf screams, "Island poople seventy!"
Crazy Yiuf hits you with a +4 quarterstaff of chaos.
You resist with some effort.
Crazy Yiuf hits you with a +4 quarterstaff of chaos.
Space warps around you.
You completely miss Crazy Yiuf.
Crazy Yiuf is lightly wounded.
Crazy Yiuf hits you with a +4 quarterstaff of chaos!
You feel agile all of a sudden.
You closely miss Crazy Yiuf.
Crazy Yiuf is lightly wounded.
Crazy Yiuf hits you with a +4 quarterstaff of chaos.
Unknown command.
You slash Crazy Yiuf!
Crazy Yiuf is severely wounded.
Crazy Yiuf says, "Whippet sing-song agre!"
Crazy Yiuf hits you with a +4 quarterstaff of chaos!
* * * LOW HITPOINT WARNING * * *
You feel your power leaking away.
You closely miss Crazy Yiuf.
Crazy Yiuf is severely wounded.
Crazy Yiuf hits you with a +4 quarterstaff of chaos!
You die...

########..........#
##...###
#..........#
#......#
#..........#
#......#
###.########
#......# #.#
####...# #.# #####
#.####♣♣♣♣♣
#.##....♣.♣♣♣ ###
#.#....@g♣..♣#...#
#.......♣♣♣♣.'...#
###....♣♣ ♣♣#..)#
####♣♣ ###


You could see Crazy Yiuf.

Vanquished Creatures
  An iguana (D:3)
  An orc wizard (D:3)
  Natasha (twice) (D:2)
  2 adders (D:3)
  A worm (D:3)
  3 dart slugs (D:2)
  An orc (D:3)
  3 bats (D:1)
  10 endoplasms
  6 goblins
  2 hobgoblins
  6 jackals (D:2)
  7 kobolds
  2 quokkas (D:1)
  5 ball pythons
  7 frilled lizards
  4 rats
63 creatures vanquished.

Notes
Turn   | Place    | Note
-------+----------+-------------------------------------------
     0 | D:1      | masschaos23 the Hill Orc Fighter began the quest for the
                  | Orb.
     0 | D:1      | Reached XP level 1. HP: 19/19 MP: 1/1
   251 | D:1      | Reached XP level 2. HP: 27/27 MP: 2/2
   570 | D:1      | Reached skill level 3 in Axes
  1300 | D:2      | Reached XP level 3. HP: 33/33 MP: 3/3
  1319 | D:2      | Found Deck's Weapon Emporium.
  1551 | D:2      | Identified the ring "Xafom" {Ice Slay+2}
  1628 | D:2      | Found a faded altar of an unknown god.
  1859 | D:2      | Noticed Natasha
  1870 | D:2      | Killed Natasha
  1871 | D:2      | Reached skill level 4 in Axes
  1871 | D:2      | Reached XP level 4. HP: 20/40 MP: 4/4
  2083 | D:2      | Noticed Natasha
  2090 | D:2      | Killed Natasha
  2389 | D:3      | Reached skill level 5 in Axes
  2389 | D:3      | Reached XP level 5. HP: 38/47 MP: 5/5
  2764 | D:3      | Found a runed translucent door.
  2765 | D:3      | Noticed Crazy Yiuf
  3178 | D:3      | Slain by Crazy Yiuf

Illustrated notes

Levels and vault maps discovered:
D:1:      psy_arrival_statuary, layout_loops_corners,
          chequers_serial_rivers_micro_d, minmay_pentomino_p2
D:2:      layout_basic, serial_shops, nicolae_shop_hallway_plus,
          dreamdust_ecumenical_altar_statues, guppyfry_early_lair_pool,
          uniq_natasha
D:3:      minmay_chambers_of_twos, layout_rooms, uniq_crazy_yiuf_cottage

Skill      XL: |  1  2  3  4  5 |
---------------+----------------+-----
Axes           | 3 4 5 |  5.7
Fighting       | 4 |  4.3
Armour         | 4 |  4.1
Dodging        | |  0.3
Shields        | |  3.9

Action                   |  1- 3 |  4- 6 || total
-------------------------+-------+-------++-------
Melee: War axe           |   126 |    80 ||   206
Armor: Scale mail        |     6 |       ||     6
       Chain mail        |    78 |    60 ||   138
Dodge: Dodged            |    38 |    30 ||    68
Block: Buckler           |    23 |    22 ||    45
